 Dungeon Crawl Stone Soup version 0.27.1-1-g398f81649c (webtiles) character file.

Game seed: 6437799987943278989

83 Descartes the Ruffian (level 4, -5/44 HPs)
             Began as a Troll Delver on Sept 8, 2021.
             Slain by a sky beast (6 damage)
             ... on level 5 of the Dungeon.
             The game lasted 00:00:15 (26 turns).

Descartes the Ruffian (Troll Delver)                  Turns: 26, Time: 00:00:16

Health: -5/44      AC:  4    Str: 20    XL:     4   Next: 22%
Magic:  3/3        EV: 10    Int:  6    God:
Gold:   0          SH:  0    Dex: 12    Spells: 3/3 levels left

rFire    . . .     SeeInvis .     - Unarmed
rCold    . . .     Faith    .   (no shield)
rNeg     . . .     Spirit   .   a - +0 robe
rPois    .         Reflect  .   (helmet restricted)
rElec    .         Harm     .   (no cloak)
rCorr    .         Rampage  .   (gloves unavailable)
Will     .....                  (boots unavailable)
Stlth    ++........             (no amulet)
HPRegen  1.14/turn              (no ring)
MPRegen  0.08/turn              (no ring)

@: no status effects
A: large, unfitting armour, claws 3, regeneration 1, shaggy fur 1, tough skin 1
a: no special abilities


You were on level 5 of the Dungeon.
You visited 1 branch of the dungeon, and saw 1 of its levels.

Inventory:

Armour
 a - a +0 robe (worn)
Wands
 f - a wand of digging (3)
Scrolls
 b - a scroll of fog
 c - a scroll of magic mapping
 d - a scroll of fear
Potions
 e - a potion of haste


   Skills:
 - Level 2.4 Fighting
 + Level 2.5 Dodging
 - Level 2.7 Stealth
 * Level 3.8 Unarmed Combat


You had 3 spell levels left.
You didn't know any spells.
Your spell library was empty.

Dungeon Overview and Level Annotations

Branches:
Dungeon (5/15)
 Temple: D:4-7

Altars:


Innate Abilities, Weirdness & Mutations

You are too large for most types of armour.
You have claws for hands.
Your natural rate of healing is unusually fast.
You are covered in fur. (AC +1)
You have tough skin. (AC +1)


Message History

You claw the necrophage!
You destroy the necrophage!
The sky beast barely misses you.
Your life force feels restored.
Your Dodging skill increases to level 2!
Your Unarmed Combat skill increases to level 3!
You have reached level 2!
You have reached level 3!
Your experience leads to an increase in your attributes!
Increase (S)trength, (I)ntelligence, or (D)exterity?
You feel agile.
You feel stronger.
You have reached level 4!
You scratch the sky beast but do no damage.
The sky beast hits you. The sky beast shocks you.
You claw the sky beast!
The sky beast is moderately wounded.
The sky beast flickers out of sight!
Deactivating autopickup; reactivate with Ctrl-A.
Something hits you but does no damage.
You scratch something. You closely miss something.
Something hits you but does no damage.
You barely miss something. Something hits you but does no damage.
You claw something! Something hits you. Something shocks you.
You barely miss something. Something hits you but does no damage.
You scratch something but do no damage. Something hits you.
Something shocks you.
* * * LOW HITPOINT WARNING * * *
You scratch something but do no damage. Something hits you but does no damage.
You closely miss something. Something hits you.
* * * LOW HITPOINT WARNING * * *
Something shocks you.
* * * LOW HITPOINT WARNING * * *
You closely miss something. Something hits you.
* * * LOW HITPOINT WARNING * * *
Something shocks you.
* * * LOW HITPOINT WARNING * * *
You scratch something. Something hits you.
* * * LOW HITPOINT WARNING * * *
Something shocks you.
You die...

... ... #.# #.#
#+## #.# #...#
#.# #.....
####.## #......
#>>...####†......
#.......@{.......
#.#...####.......
#.##.## #......
#. ### #..... #.
#...# #. #+## #.


There were no monsters in sight!

Vanquished Creatures
  A necrophage (D:5)
1 creature vanquished.

Notes
Turn   | Place    | Note
-------+----------+-------------------------------------------
     0 | D:5      | Descartes the Troll Delver began the quest for the Orb.
     0 | D:5      | Reached XP level 1. HP: 22/22 MP: 0/0
     8 | D:5      | Noticed a necrophage
     8 | D:5      | Noticed a sky beast
    13 | D:5      | Killed a necrophage
    14 | D:5      | Reached skill level 3 in Unarmed Combat
    14 | D:5      | Reached XP level 2. HP: 18/29 MP: 1/1
    14 | D:5      | Reached XP level 3. HP: 22/36 MP: 2/2
    14 | D:5      | Reached XP level 4. HP: 27/44 MP: 3/3
    25 | D:5      | HP: 1/44 [something (6)]
    26 | D:5      | Slain by a sky beast

Illustrated notes

Levels and vault maps discovered:
D:5:      layout_loops_corners, grunt_gozag_statues, uniq_edmund

Skill      XL: |  1 |
---------------+----+-----
Dodging        | 2 |  2.5
Unarmed Combat | 3 |  3.8
Fighting       | |  2.4
Stealth        | |  2.7

Action                   |  1- 3 |  4- 6 || total
-------------------------+-------+-------++-------
Melee: Unarmed           |     4 |    12 ||    16
Armor: Robe              |       |     5 ||     5
Dodge: Dodged            |     2 |       ||     2
